 Dungeon Crawl Stone Soup version 0.27-a0-1391-g48c30b3128 (webtiles) character file.

Game seed: 1185962270513264409

3951 Nattfarinn the Grappler (level 10, 0/81 HPs)
             Began as a Ghoul Necromancer on July 1, 2021.
             Was an Initiate of Kikubaaqudgha.
             Slain by a centaur warrior (2 damage)
             ... on level 8 of the Dungeon.
             The game lasted 00:15:59 (11036 turns).

Nattfarinn the Grappler (Ghoul Necromancer)        Turns: 11036, Time: 00:15:59

Health: 0/81       AC: 13    Str: 19    XL:     10   Next: 21%
Magic:  11/11      EV: 11    Int: 13    God:    Kikubaaqudgha [......]
Gold:   387        SH:  0    Dex:  9    Spells: 3/12 levels left

rFire    . . .     SeeInvis .     - Unarmed
rCold    + + .     Faith    .   (no shield)
rNeg     + + +     Spirit   .   w - +3 leather armour {rC+}
rPois    ∞         Reflect  .   D - +2 helmet
rElec    .         Harm     .   (no cloak)
rCorr    .         Rampage  .   (no gloves)
Will     .....                  (no boots)
Stlth    +.........             (no amulet)
HPRegen  0.00/turn              j - +4 ring of protection
MPRegen  0.12/turn              b - +6 ring of strength

@: no status effects
A: claws 1, cold resistance 1, negative energy resistance 3, inhibited
regeneration, torment resistance 2
a: Renounce Religion


You were on level 8 of the Dungeon.
You worshipped Kikubaaqudgha.
Kikubaaqudgha was noncommittal.
You visited 2 branches of the dungeon, and saw 9 of its levels.

You collected 387 gold pieces.

Inventory:

Hand Weapons
 d - a +5 long sword of electrocution
 l - a +1 dagger of venom
Armour
 a - a +0 robe
 u - a +1 robe of cold resistance
 w - a +3 leather armour of cold resistance (worn)
 D - a +2 helmet (worn)
Jewellery
 b - a +6 ring of strength (right claw)
 f - a ring of poison resistance
 j - a +4 ring of protection (left claw)
 v - a ring of positive energy
 C - a ring of ice
 E - an amulet of faith
Wands
 q - a wand of polymorph (9)
 x - a wand of acid (13)
 y - a wand of charming (9)
Scrolls
 c - 2 scrolls of enchant armour
 e - a scroll of amnesia {unknown}
 g - 2 scrolls of identify
 i - 3 scrolls of magic mapping
 m - a scroll of immolation
 n - 2 scrolls of enchant weapon
 o - a scroll of fear
 r - a scroll of vulnerability {unknown}
 s - 2 scrolls of teleportation {unknown}
 z - a scroll of noise {unknown}
 A - a scroll of brand weapon {unknown}
Potions
 h - 2 potions of degeneration
 k - 2 potions of heal wounds
 p - 4 potions of curing
 t - a potion of lignification {unknown}
 B - 2 potions of haste {unknown}


   Skills:
 - Level 5.3 Fighting
 - Level 1.7 Dodging
 - Level 2.1 Stealth
 + Level 10.5 Unarmed Combat
 - Level 1.7 Spellcasting
 * Level 10.2 Necromancy


You had 3 spell levels left.
You knew the following spells:

 Your Spells              Type           Power      Damage    Failure   Level
a - Pain                  Necr           100%       1d9       1%          1
b - Vampiric Draining     Necr           13%        2d7       1%          3
c - Agony                 Necr           27%        N/A       13%         5

Your spell library contained the following spells:

 Spells                   Type           Power      Damage    Failure   Level
 Animate Skeleton         Necr           54%        N/A       1%          1
 Apportation              Tloc           2%         N/A       30%         1
 Corona                   Hex            1%         N/A       30%         1
 Shock                    Conj/Air       4%         1d3       30%         1
 Summon Small Mammal      Summ           4%         N/A       30%         1
 Static Discharge         Conj/Air       1%         N/A       43%         2
 Swiftness                Air            1%         N/A       67%         3
 Animate Dead             Necr           13%        N/A       4%          4
 Airstrike                Air            0%         N/A       97%         4
 Lightning Bolt           Conj/Air       0%         1d11      100%        5


Dungeon Overview and Level Annotations

Branches:
Dungeon (8/15)             Temple (1/1) D:5            Lair (0/6) D:8

Altars:
Ashenzari
Dithmenos
Elyvilon
Fedhas
Gozag
Hepliaklqana
Kikubaaqudgha
Makhleb
Nemelex Xobeh
Okawaru
Qazlal
Ru
Sif Muna
Trog
Uskayaw
Wu Jian
Xom
Yredelemnul
Zin
The Shining One

Shops:
D:1 ?   D:4 !   D:6 !


Innate Abilities, Weirdness & Mutations

You thrive by killing the living.
You are immune to poison.
You have sharp fingernails.
Your flesh is cold resistant. (rC+)
You are immune to negative energy. (rN+++)
You do not regenerate when monsters are visible.
You are immune to unholy pain and torment.


Message History

You mangle the killer bee zombie!!
You destroy the killer bee zombie!
Kikubaaqudgha accepts your kill.
Things that are here:
a +0 shortbow; 11 arrows You start resting.
HP restored.
This spell is dangerous to cast!
Memorise Agony, consuming 5 spell levels and leaving 3?
You start memorising the spell.
You continue memorising. x5
You finish memorising.
Spell assigned to 'c'.
As you open the door, it creaks loudly!
A centaur warrior comes into view.
The centaur warrior shouts!
The centaur warrior wields a +0 shortbow.
The centaur warrior shoots an arrow.
The arrow hits you!
An orc opens the door.
The centaur warrior shoots an arrow.
The arrow closely misses you.
The arrow hits the two-headed ogre!
Found 8 gold pieces and a scroll labelled KECAOD BAIT.
A two-headed ogre comes into view. It is wielding two +0 giant clubs.
The centaur warrior shoots an arrow.
The arrow hits you!
There is an open door here.
The centaur warrior unwields a +0 shortbow.
The centaur warrior hits you. The centaur warrior barely misses you.
Unknown command.
You scratch the centaur warrior but do no damage.
The centaur warrior hits you.
The centaur warrior barely misses you. x2
The centaur warrior kicks you but does no damage.
You claw the centaur warrior!
The centaur warrior is moderately wounded.
The two-headed ogre hits you with a +0 giant club!! x2
* * * LOW HITPOINT WARNING * * *
The centaur warrior closely misses you.
The centaur warrior kicks you but does no damage.
You claw the centaur warrior!
The centaur warrior is severely wounded.
The centaur warrior hits you but does no damage.
The centaur warrior kicks you.
You die...
Kikubaaqudgha rasps: "You have failed me!
Welcome... oblivion!"

#######################
#.....................#
#.###################.#
#.# #...'oO@c.+.+ #.#
#.# #$..#.#...#.# #.#
#.# #.. #.#.?.#.# #.#
#.#+#####.#####.#####.#
#.#.............).....#
#.###.....#####.......#
#.# #+#...# #.##....#
#.# #...# #.####..# #.#
##### ######..#


You could see a centaur warrior, a two-headed ogre and an orc.

Vanquished Creatures
  A centaur warrior (D:8)
  Pikel (D:6)
  Prince Ribbit (D:5)
  A basilisk (D:8)
  Duvessa (D:6)
  2 orc warriors
  An ice beast (D:6)
  2 black bears
  2 sky beasts (D:6)
  2 centaurs
  A phantom (D:7)
  2 lemures (D:6)
  A kobold brigand (D:6)
  A gnoll sergeant (D:4)
  2 scorpions
  Dowan (D:6)
  9 wights
  A killer bee (D:8)
  A howler monkey (D:6)
  2 bullfrog zombies
  A centaur zombie (D:6)
  A bullfrog skeleton (D:6)
  3 jellies
  3 centaur skeletons
  6 orc priests
  A hound (D:3)
  3 iguanas
  Ijyb (D:5)
  A killer bee zombie (D:8)
  A hound skeleton (D:4)
  A howler monkey skeleton (D:7)
  6 adders
  2 white imps
  An adder skeleton (D:4)
  A worm (D:2)
  2 dart slugs
  18 orcs
  8 endoplasms
  4 giant cockroaches
  6 goblins
  6 hobgoblins
  8 jackals (D:1)
  14 kobolds
  5 quokkas
  3 ball pythons
  3 bats
  A frilled lizard (D:3)
  6 rats
151 creatures vanquished.

Vanquished Creatures (others)
  2 plants (D:8)
2 creatures vanquished.

Grand Total: 153 creatures vanquished

Notes
Turn   | Place    | Note
-------+----------+-------------------------------------------
     0 | D:1      | Nattfarinn the Ghoul Necromancer began the quest for the
                  | Orb.
     0 | D:1      | Reached XP level 1. HP: 14/14 MP: 2/2
   491 | D:1      | Reached skill level 1 in Unarmed Combat
   557 | D:1      | Reached XP level 2. HP: 22/22 MP: 3/3
   637 | D:1      | Reached skill level 1 in Fighting
  1255 | D:1      | Found Joqi's Magic Scroll Boutique.
  1308 | D:1      | Reached XP level 3. HP: 15/28 MP: 4/4
  2782 | D:2      | Reached XP level 4. HP: 27/36 MP: 5/5
  4307 | D:3      | Reached XP level 5. HP: 30/42 MP: 0/6
  4374 | D:3      | You fall into a shaft and drop 3 floors!
  4377 | D:6      | Noticed a black bear
  4437 | D:6      | Noticed Duvessa
  4466 | D:6      | Killed Duvessa
  4467 | D:6      | Reached skill level 5 in Unarmed Combat
  4467 | D:6      | Reached XP level 6. HP: 40/51 MP: 7/7
  4533 | D:6      | Noticed Dowan
  4576 | D:6      | Killed Dowan
  4878 | D:6      | Killed a black bear
  4882 | D:6      | Reached XP level 7. HP: 21/59 MP: 1/8
  5236 | D:7      | Found an ornate altar of the Wu Jian Council.
  5287 | D:5      | Entered Level 5 of the Dungeon
  5302 | D:5      | Found a basalt altar of Yredelemnul.
  5434 | D:5      | Identified a scroll of acquirement
  5434 | D:5      | Acquired a +5 long sword of electrocution
  5822 | D:4      | Learned a level 3 spell: Vampiric Draining
  6002 | D:4      | Reached skill level 5 in Fighting
  6010 | D:4      | Found Xamedweg's Distillery.
  6463 | D:4      | Reached XP level 8. HP: 60/68 MP: 9/9
  6641 | D:4      | Found an iron altar of Okawaru.
  6938 | D:5      | Found a staircase to the Ecumenical Temple.
  6947 | Temple   | Entered the Ecumenical Temple
  7245 | D:5      | Found a sacrificial altar of Ru.
  7391 | D:5      | Reached skill level 5 in Necromancy
  7467 | D:5      | Noticed Ijyb
  7507 | D:5      | Killed Ijyb
  7624 | D:5      | Noticed Prince Ribbit
  7635 | D:5      | Killed Prince Ribbit
  8104 | D:6      | Reached XP level 9. HP: 74/74 MP: 10/10
  8254 | D:6      | Noticed Pikel
  8283 | D:6      | Killed Pikel
  8590 | D:6      | Found Puleiv's Distillery.
  9680 | D:8      | Found a hide-covered altar of Uskayaw.
  9719 | D:8      | Found a staircase to the Lair.
  9892 | D:8      | Reached skill level 10 in Unarmed Combat
 10019 | D:8      | Found an ancient bone altar of Kikubaaqudgha.
 10040 | D:8      | Became a worshipper of Kikubaaqudgha
 10209 | D:8      | Noticed a centaur warrior
 10225 | D:8      | Killed a centaur warrior
 10226 | D:8      | Reached skill level 10 in Necromancy
 10226 | D:8      | Reached XP level 10. HP: 24/81 MP: 1/11
 10763 | D:8      | Noticed a tengu warrior
 10996 | D:8      | Learned a level 5 spell: Agony
 11031 | D:8      | Noticed a centaur warrior
 11032 | D:8      | Noticed a two-headed ogre
 11035 | D:8      | HP: 2/81 [two-headed ogre (23)]
 11036 | D:8      | Slain by a centaur warrior

Illustrated notes

Levels and vault maps discovered:
D:1:      lightli_arrival_noodles, layout_loops_corners, serial_shops,
          shop_fountains
D:2:      layout_basic
D:3:      cheibrodos_old_hovel, layout_loops_ring
D:4:      layout_cave_pools, kennysheep_little_box, serial_shops, shop,
          minmay_checkerbox
D:5:      layout_loops_corners, general_overflow_altar,
          nicolae_overflow_hidden_temple, kennysheep_mini,
          minmay_temple_entry_proselytizer, kennysheep_generic_room_15,
          uniq_prince_ribbit1, uniq_ijyb
D:6:      layout_basic, serial_shops, nicolae_square_shop, uniq_duvessa,
          uniq_pikel
D:7:      layout_cave_pods, nicolae_wu_jian_wuxing_cycle
D:8:      wad_statue_garden, layout_gridville, nicolae_uskayaw_dance_hall,
          nicolae_kikubaaqudgha_miasma_corner, chei_slow_surprise,
          nicolae_specific_store
Temple:   nicolae_temple_great_sept

Skill      XL: |  1  2  3  4  5  6  7  8  9 |
---------------+----------------------------+-----
Unarmed Combat | 1 2 3 4 5 6 7 8 10 | 10.5
Fighting       | 1 2 3 4 5 |  5.3
Necromancy     | 6 10 | 10.2
Dodging        | |  1.7
Stealth        | |  2.1
Spellcasting   | |  1.7

Action                   |  1- 3 |  4- 6 |  7- 9 | 10-12 || total
-------------------------+-------+-------+-------+-------++-------
Melee: Unarmed           |   152 |    65 |   328 |    32 ||   577
       Dagger            |       |    11 |       |       ||    11
       Punch             |       |       |    17 |       ||    17
 Cast: Pain              |    12 |    71 |    16 |       ||    99
       Vampiric Draining |       |       |    23 |     3 ||    26
Evoke: Wand              |       |     7 |     2 |       ||     9
  Use: Potion            |       |     4 |     1 |       ||     5
       Scroll            |       |       |     9 |     1 ||    10
 Stab: Sleeping          |     3 |       |     2 |       ||     5
       Paralysed         |       |    10 |     3 |       ||    13
Armor: Robe              |    18 |    38 |    46 |       ||   102
       Leather armour    |       |       |    70 |    24 ||    94
Dodge: Dodged            |    90 |    50 |   174 |    35 ||   349

Table legend: (Time is in decaauts)
 A = Elapsed time spent in this place.
 B = Non-inter-level travel time spent in this place.
 C = Inter-level travel time spent in this place.
 D = Time resting spent in this place.
 E = Time spent auto-exploring this place.
 F = Levels seen in this place.
 G = Mean time per level.
                   A        B        C        D        E       F      G
               +--------+--------+--------+--------+--------+-----+--------+
         Total |  10975 |  10649 |    326 |   2729 |   6432 |   9 | 1219.4 |
       Dungeon |  10889 |  10576 |    313 |   2729 |   6359 |   8 | 1361.1 |
        Temple |     86 |     73 |     13 |      0 |     73 |   1 |   86.0 |
               +--------+--------+--------+--------+--------+-----+--------+

Top non-repeatable levels by time:
     D:1: 2129 daAuts
     D:6: 1868 daAuts
     D:2: 1460 daAuts
     D:5: 1423 daAuts
     D:8: 1355 daAuts
     D:3: 1030 daAuts
     D:7: 835 daAuts
     D:4: 785 daAuts
  Temple: 86 daAuts
